Map: Yellowjacket

Players

valik

  • Race: Protoss Protoss
  • League: Master
  • Spawn Location: 7:00

decobraz

  • Race: Zerg Zerg
  • Spawn Location: 9:00

Sindyr - Winner!

  • Race: Protoss Protoss
  • League: Master
  • Spawn Location: 1:00

Siliatra - Winner!

  • Race: Protoss Protoss
  • Spawn Location: 3:00

VOD

Have the link to the VOD?

Description

Time

  • Played on: Sept. 19, 2025, 8:30 a.m.
  • Length: 15:04
Show
View Real Time Build Order
Export as new Build Order

valik Protoss 

Build Orders:  

Get SALT Encoding   

  12  0:00  Probe  
  13  0:12  Probe  
  14  0:17  Pylon  
  14  0:24  Probe  
  15  0:33  Probe  
  15  0:35  Gateway  
  15  0:42  Probe  
  17  0:54  Probe  
  18  0:58  Assimilator  
  18  1:06  Probe  
  18  1:08  Pylon  
  19  1:11  Assimilator  
  19  1:18  Probe  
  20  1:22  Zealot  
  22  1:30  Probe, Cybernetics Core  
  23  1:42  Probe  
  24  1:49  Zealot  
  26  1:54  Probe  
  26  1:59  Warp Gate  
  27  2:17  Probe  
  27  2:20  Stalker  
  28  2:23  Nexus  
  30  2:39  Robotics Facility  
  30  2:57  Forge  
  30  3:08  Pylon  
  30  3:11  Pylon  
  30  3:23  Stalker  
  30  3:25  Gateway  
  30  3:27  Observer  
  32  3:30  Probe  
  32  3:33  Probe  
  34  3:39  Probe  
  35  3:41  Probe  
  35  3:48  Pylon  
  37  3:52  Pylon  
  37  3:57  Probe  
  37  3:58  Probe  
  37  3:59  Photon Cannon  
  39  4:06  Photon Cannon  
  39  4:09  Probe  
  40  4:11  Probe  
  40  4:17  Stalker  
  43  4:21  Probe  
  43  4:23  Probe  
  45  4:35  Probe x2, Photon Cannon  
  40  4:53  Probe x2  
  42  5:00  Stalker  
  42  5:05  Assimilator, Probe x2  
  46  5:16  Photon Cannon  
  46  5:17  Probe x2  
  46  5:20  Photon Cannon  
  48  5:29  Probe  
  48  5:30  Probe  
  48  5:33  Assimilator  
  50  5:35  Protoss Ground Weapons Level 1  
  50  5:41  Probe  
  50  5:42  Probe  
  52  5:52  Stalker x2  
  52  5:54  Probe  
  52  5:55  Warp Prism  
  59  6:03  Gateway  
  59  6:15  Stalker  
  61  6:35  Stargate  
  61  6:44  Twilight Council  
  61  6:48  Stalker x2  
  65  7:16  Stalker x3  
  65  7:17  Protoss Shields Level 1  
  65  7:18  Nexus, Charge  
  71  7:27  Void Ray  
  71  7:28  Fleet Beacon  
  75  7:32  Stargate  
  75  7:34  Protoss Air Weapons Level 1  
  75  8:07  Flux Vanes, Pylon  
  75  8:13  Pylon  
  75  8:16  Pylon  
  75  8:17  Observer  
  75  8:19  Pylon  
  83  8:28  Zealot  
  83  8:30  Zealot  
  83  8:31  Void Ray x2  
  83  8:32  Zealot  
  89  8:48  Observer  
  90  8:59  Blink  
  90  9:04  Zealot  
  90  9:06  Zealot  
  90  9:08  Protoss Ground Weapons Level 2  
  90  9:09  Probe  
  103  9:10  Probe  
  103  9:11  Probe  
  103  9:14  Void Ray x2  
  105  9:22  Probe x2  
  105  9:24  Probe  
  108  9:33  Probe x2  
  108  9:36  Probe  
  110  9:41  Probe x2  
  110  9:44  Probe  
  113  9:49  Probe x2  
  117  9:54  Probe  
  117  9:57  Void Ray  
  124  10:03  Void Ray  
  110  10:34  Assimilator  
  110  10:36  Assimilator, Tempest  
  110  10:38  Protoss Air Weapons Level 2  
  110  10:39  Tempest  
  118  10:53  Photon Cannon  
  118  10:55  Photon Cannon  
  118  10:57  Photon Cannon  
  118  10:59  Probe x3  
  118  11:01  Shield Battery  
  118  11:03  Shield Battery  
  121  11:05  Shield Battery  
  121  11:11  Probe  
  122  11:12  Pylon  
  122  11:13  Zealot  
  122  11:14  Pylon  
  124  11:23  Pylon  
  124  11:29  Tempest x2  
  132  11:33  Protoss Shields Level 2  
  132  11:49  Nexus  
  132  11:50  Observer  
  133  12:00  Pylon  
  133  12:02  Pylon  
  133  12:06  Pylon  
  133  12:08  Observer  
  133  12:10  Pylon  
  133  12:12  Pylon  
  133  12:15  Pylon  
  134  12:17  Pylon  
  134  12:20  Pylon  
  134  12:26  Observer  
  134  12:33  Tempest x2  
  142  12:37  Stargate  
  142  12:40  Stargate x2  
  142  12:54  Photon Cannon  
  142  12:56  Photon Cannon, Shield Battery  
  142  13:05  Tempest  
  142  13:06  Tempest  
  142  13:10  Unknown  
  142  13:15  Tempest x3  
  150  13:25  Forge  
  162  13:33  Assimilator  
  162  13:36  Assimilator  
Show
View Real Time Build Order
Export as new Build Order

decobraz Zerg 

Build Orders: Pool First 

Get SALT Encoding   

  12  0:00  Drone  
  13  0:13  Overlord  
  13  0:35  Drone  
  13  0:36  Spawning Pool  
  13  0:39  Extractor  
  13  0:40  Drone  
  13  0:45  Drone  
  14  0:51  Drone  
  15  0:59  Overlord  
  15  1:07  Extractor  
  15  1:08  Drone  
  15  1:23  Zergling x2  
  16  1:41  Lair  
  16  1:42  Zergling x2  
  16  1:43  Zergling x2  
  18  1:56  Zergling x2  
  19  2:02  Drone  
  20  2:09  Metabolic Boost  
  20  2:13  Zergling x2  
  21  2:23  Drone  
  22  2:43  Drone  
  23  2:44  Hydralisk Den  
  22  3:01  Drone  
  23  3:06  Hatchery  
  22  3:16  Hydralisk  
  22  3:19  Hydralisk  
  26  3:35  Hydralisk  
  26  3:39  Hydralisk  
  30  3:50  Overlord  
  30  3:58  Overlord  
  30  4:09  Drone  
  31  4:19  Drone  
  31  4:20  Hydralisk  
  34  4:27  Hydralisk  
  36  4:32  Drone  
  36  4:36  Drone  
  33  5:06  Drone x2  
  33  5:07  Drone  
  36  5:21  Hydralisk  
  36  5:24  Drone x3  
  41  5:39  Drone  
  41  5:42  Hydralisk x2  
  46  5:51  Overlord  
  46  5:53  Overlord  
  38  6:18  Drone  
  38  6:19  Drone  
  40  6:28  Drone  
  41  6:35  Spore Crawler  
  40  6:40  Spore Crawler  
  40  6:42  Drone  
  40  6:43  Spore Crawler, Drone  
  40  6:44  Drone x2  
  42  6:55  Hydralisk  
  44  7:03  Drone  
  45  7:17  Hydralisk x2  
  45  7:18  Hydralisk  
  45  7:21  Drone  
  52  7:24  Drone  
  52  7:29  Drone  
  54  7:58  Drone x2  
  56  8:00  Drone x3  
  56  8:04  Overlord  
  59  8:12  Overlord  
  59  8:17  Extractor  
  59  8:18  Drone  
  59  8:22  Queen x2, Overlord  
  59  8:24  Hydralisk  
  65  9:21  Hydralisk x3  
  65  9:22  Hydralisk x3  
  76  10:20  Hydralisk  
  76  10:21  Hydralisk x3  
  78  10:26  Overlord x2  
  78  10:27  Overlord x6  
  84  10:43  Overlord  
  84  10:44  Spire  
  84  10:47  Drone  
  84  10:52  Drone x2  
  86  11:23  Hydralisk  
  86  11:25  Drone x2  
  90  11:27  Drone x2  
  90  11:28  Drone  
  90  11:30  Hydralisk x4  
  90  11:31  Hydralisk x2  
  105  11:43  Extractor  
  105  11:46  Hydralisk  
  104  11:49  Hydralisk  
  108  11:54  Drone  
  108  11:55  Drone  
  110  12:06  Corruptor x2  
  110  12:07  Corruptor x5  
  124  12:09  Corruptor  
  126  12:37  Corruptor x4  
  134  13:22  Hydralisk  
  134  13:23  Corruptor x4, Hydralisk x3  
  134  13:24  Hydralisk  
  152  13:29  Hydralisk  
  134  14:30  Hydralisk  
  134  14:31  Hydralisk x5  
  110  14:32  Hydralisk x4  
  110  14:33  Hydralisk  
Show
View Real Time Build Order
Export as new Build Order

Sindyr Protoss - Winner!

Build Orders: 1 Gate Expand 

Get SALT Encoding   

  12  0:01  Probe  
  13  0:13  Probe  
  14  0:24  Pylon  
  14  0:25  Probe  
  15  0:31  Assimilator  
  15  0:42  Probe  
  16  0:46  Gateway  
  16  0:55  Probe  
  16  1:03  Probe  
  18  1:11  Probe  
  18  1:17  Assimilator  
  19  1:23  Probe  
  20  1:35  Probe  
  21  1:43  Nexus  
  21  1:56  Probe, Pylon  
  22  2:08  Probe  
  22  2:17  Cybernetics Core  
  22  2:20  Probe  
  23  2:32  Probe  
  23  2:36  Forge  
  24  2:44  Probe  
  24  2:46  Zealot  
  27  2:57  Probe x2  
  27  2:59  Pylon  
  27  3:05  Probe x2  
  31  3:13  Probe  
  32  3:25  Photon Cannon  
  32  3:28  Photon Cannon  
  32  3:29  Probe  
  33  3:35  Probe  
  33  3:37  Probe  
  34  3:43  Probe, Warp Gate  
  34  3:48  Probe  
  36  3:53  Probe  
  36  3:54  Robotics Facility  
  38  4:00  Probe, Assimilator  
  39  4:05  Probe  
  40  4:10  Protoss Ground Weapons Level 1  
  40  4:12  Probe  
  40  4:13  Gateway  
  42  4:17  Probe  
  42  4:21  Probe  
  42  4:29  Probe  
  44  4:38  Probe  
  44  4:43  Robotics Facility  
  45  4:50  Observer, Probe  
  47  4:56  Stalker  
  49  5:03  Probe  
  50  5:08  Immortal  
  50  5:10  Pylon  
  54  5:15  Pylon  
  54  5:19  Assimilator  
  54  5:20  Pylon  
  54  5:32  Gateway  
  54  5:35  Gateway, Forge  
  54  5:39  Gateway, Forge  
  54  5:46  Twilight Council  
  54  6:01  Photon Cannon  
  54  6:03  Immortal  
  58  6:06  Immortal  
  62  6:28  Charge  
  62  6:32  Adept x2  
  64  6:33  Adept x2  
  70  6:41  Protoss Ground Weapons Level 2  
  70  6:42  Protoss Ground Armor Level 1, Protoss Shields Level 1  
  70  7:01  Nexus, Gateway  
  70  7:02  Gateway  
  70  7:18  Gateway  
  70  7:20  Pylon  
  70  7:22  Pylon  
  70  7:25  Immortal x2  
  78  7:40  Zealot x4  
  78  7:41  Zealot  
  88  7:58  Resonating Glaives  
  88  8:05  Pylon  
  88  8:08  Pylon  
  88  8:21  Gateway  
  88  8:24  Gateway x2  
  88  8:25  Observer  
  88  8:26  Gateway  
  88  8:27  Observer  
  89  8:30  Stalker x2  
  89  8:31  Stalker x5  
  89  8:32  Stalker  
  106  8:40  Probe x3  
  109  8:51  Observer  
  109  8:52  Probe  
  109  8:53  Probe x2  
  109  8:55  Pylon  
  112  9:04  Probe  
  112  9:05  Probe x2  
  115  9:16  Probe  
  117  9:17  Probe x2  
  117  9:22  Stalker x6  
  117  9:23  Stalker  
  132  9:38  Blink  
  132  9:47  Assimilator  
  132  9:49  Photon Cannon  
  132  9:50  Assimilator, Photon Cannon x2  
  132  9:53  Photon Cannon  
  132  10:08  Pylon  
  132  10:09  Pylon  
  132  10:10  Photon Cannon  
  132  10:26  Immortal x2  
  140  10:30  Protoss Ground Weapons Level 3  
  140  10:37  Protoss Ground Armor Level 2, Protoss Shields Level 2  
  140  11:19  Gateway  
  140  11:20  Gateway  
  140  11:23  Immortal, Gateway  
  140  11:24  Immortal  
  148  11:25  Gateway  
  148  11:39  Pylon  
  148  11:40  Nexus  
  148  11:57  Pylon  
  148  11:59  Pylon  
  148  12:12  Pylon  
  148  12:14  Pylon  
  147  12:39  Zealot x7  
  147  12:40  Zealot x9  
  179  12:57  Photon Cannon  
  179  12:59  Photon Cannon  
  179  13:01  Photon Cannon  
  179  13:02  Photon Cannon  
  179  13:05  Photon Cannon  
  179  13:07  Pylon  
  179  13:09  Assimilator  
  179  13:10  Assimilator  
  179  13:12  Pylon  
  179  13:19  Stalker  
  181  13:20  Stalker x7  
  181  13:21  Stalker  
  197  13:36  Photon Cannon  
  197  13:44  Photon Cannon  
  191  14:14  Immortal x2  
  163  14:46  Zealot x5  
  163  14:47  Zealot x9  
  163  14:49  Zealot  
Show
View Real Time Build Order
Export as new Build Order

Siliatra Protoss - Winner!

Build Orders: Oracle Opening, Carriers 

Get SALT Encoding   

  12  0:00  Probe  
  13  0:12  Probe  
  14  0:19  Pylon  
  14  0:24  Probe  
  15  0:37  Gateway  
  15  0:38  Probe  
  16  0:50  Assimilator, Probe  
  16  0:54  Assimilator  
  17  1:03  Probe  
  18  1:15  Probe  
  19  1:27  Probe, Cybernetics Core  
  20  1:36  Probe  
  21  1:40  Pylon  
  21  1:44  Probe  
  21  1:53  Probe  
  23  2:05  Probe  
  23  2:07  Nexus  
  24  2:23  Stargate  
  24  2:25  Probe  
  25  2:37  Probe  
  26  2:45  Stargate  
  26  2:50  Probe  
  27  2:57  Shield Battery  
  27  3:02  Probe  
  27  3:03  Oracle  
  28  3:11  Pylon  
  28  3:19  Probe  
  32  3:20  Oracle  
  32  3:21  Probe  
  33  3:30  Probe  
  33  3:31  Probe  
  38  3:41  Probe  
  38  3:43  Probe  
  38  3:44  Assimilator  
  38  3:46  Assimilator  
  40  3:54  Oracle  
  43  3:55  Probe  
  43  3:58  Probe  
  45  4:07  Probe  
  46  4:10  Probe  
  47  4:20  Probe, Phoenix  
  50  4:30  Probe  
  51  4:32  Probe  
  52  4:42  Probe  
  52  4:44  Probe  
  54  4:57  Probe  
  54  4:59  Pylon  
  52  5:06  Probe  
  53  5:09  Probe  
  53  5:13  Fleet Beacon  
  54  5:18  Pylon  
  62  5:23  Void Ray x2  
  62  5:38  Protoss Air Weapons Level 1  
  62  5:39  Pylon  
  62  5:40  Pylon  
  62  5:41  Pylon  
  62  5:45  Stargate  
  62  5:50  Cybernetics Core  
  62  5:57  Nexus  
  66  6:06  Carrier, Void Ray  
  69  6:21  Stargate  
  69  6:26  Probe x2  
  69  6:28  Pylon  
  69  6:30  Pylon  
  71  6:35  Forge  
  71  6:38  Probe  
  72  6:41  Carrier, Protoss Air Armor Level 1  
  78  7:00  Flux Vanes  
  78  7:05  Probe x2  
  78  7:06  Probe  
  78  7:09  Assimilator  
  78  7:13  Probe x2  
  78  7:14  Probe  
  88  7:23  Probe  
  88  7:24  Void Ray  
  88  7:29  Void Ray  
  93  7:30  Assimilator  
  93  7:32  Photon Cannon  
  93  7:34  Shield Battery  
  93  7:37  Photon Cannon  
  93  7:38  Protoss Shields Level 1  
  93  7:55  Probe x2  
  93  7:58  Probe  
  96  8:00  Protoss Air Weapons Level 2  
  96  8:03  Probe  
  96  8:10  Probe  
  98  8:16  Carrier, Nexus  
  98  8:18  Probe x2  
  98  8:19  Pylon  
  106  8:21  Pylon  
  106  8:23  Probe  
  107  8:30  Carrier  
  113  8:34  Carrier  
  113  8:47  Probe x2  
  113  8:48  Probe  
  122  8:54  Pylon  
  122  9:01  Carrier  
  121  9:10  Carrier  
  127  9:22  Protoss Air Armor Level 2  
  133  9:29  Probe x3  
  133  9:30  Probe  
  137  9:34  Shield Battery  
  137  9:35  Shield Battery  
  137  9:38  Shield Battery  
  137  9:41  Photon Cannon, Carrier  
  137  9:42  Photon Cannon  
  137  9:44  Photon Cannon  
  143  9:49  Pylon  
  143  10:00  Probe x2  
  143  10:02  Carrier  
  151  10:09  Twilight Council  
  151  10:10  Protoss Air Weapons Level 3  
  148  10:30  Probe x2  
  148  10:32  Protoss Shields Level 2  
  148  10:33  Probe  
  148  10:34  Probe  
  152  10:40  Assimilator  
  152  10:41  Carrier  
  158  10:44  Assimilator  
  158  10:45  Probe  
  158  10:47  Pylon  
  158  10:49  Pylon  
  159  10:53  Pylon  
  159  11:03  Pylon  
  159  11:04  Pylon  
  159  11:05  Carrier  
  159  11:09  Carrier  
  165  11:11  Probe  
  165  11:12  Probe x2  
  174  11:25  Carrier  
  174  11:36  Carrier  
  186  11:49  Protoss Air Armor Level 3  
  186  12:22  Nexus  
  184  12:39  Carrier  
  184  12:40  Carrier  
  196  12:51  Void Ray  
  200  12:56  Nexus  
  200  13:00  Pylon  
  200  13:02  Pylon  
  200  13:04  Pylon  
  200  13:08  Pylon  
  200  13:30  Stargate  
  200  13:35  Stargate  
  200  13:38  Stargate x2  
  200  13:43  Stargate  
  200  13:47  Stargate  
  200  14:05  Shield Battery  
  200  14:06  Shield Battery  
  200  14:08  Shield Battery  
  192  14:10  Shield Battery  
  192  14:12  Shield Battery  
Tags
 
Add a new tag
Caveats
  • Supply blocks, unpowered buildings, or Contaminate may cause inaccurate times.
  • Supply counts are checked every 10 seconds.